 Dungeon Crawl Stone Soup version 0.30-a0-373-gd37427bb62 (webtiles) character file.

Game seed: 7980175609406488498

151 Shayle the Trooper (level 5, -2/42 HPs)
             Began as a Demonspawn Reaver on Nov 23, 2022.
             Slain by Ijyb
             ... wielding a +2 spectral club
              (9 damage)
             ... on level 3 of the Dungeon.
             The game lasted 00:06:39 (2164 turns).

Shayle the Trooper (Demonspawn Reaver)              Turns: 2164, Time: 00:06:40

Health: -2/42      AC:  0    Str: 13    XL:     5   Next: 11%
Magic:  8/8        EV: 14    Int: 16    God:
Gold:   214        SH:  0    Dex: 11    Spells: 4/8 levels left

rFire   . . .      SeeInvis .    (weapon currently unavailable)
rCold   . . .      Faith    .    (shield currently unavailable)
rNeg    . . .      Spirit   .    (body armour currently unavailable)
rPois   .          Reflect  .    (helmet currently unavailable)
rElec   .          Harm     .    (cloak currently unavailable)
rCorr   .          Rampage  .    (gloves currently unavailable)
Will    .....                    (boots currently unavailable)
Stlth   ++........               (no amulet)
HPRegen 0.27/turn                (ring currently unavailable)
MPRegen 0.22/turn                (ring currently unavailable)

@: pig-form (expiring), attractive, hasted, very quick
A: fast, no casting, small, (spiny 1), magic regeneration
a: no special abilities


You were on level 3 of the Dungeon.
You were a filthy swine.
You visited 1 branch of the dungeon, and saw 3 of its levels.

You collected 214 gold pieces.

Inventory:

Hand Weapons
 a - a +0 hand axe
 d - a +0 war axe
 r - the +3 woodcutter's axe {vorpal}
   (You found it on level 2 of the Dungeon)

   It inflicts extra damage upon your enemies.
 t - the +12 spear of the Hills (melded) {protect, rC- rN++ Int+5}
   (You found it on level 3 of the Dungeon)

   It grants its wielder temporary protection when it strikes (+7 to AC).
   Int:       It affects your intelligence (+5).
   rC:        It makes you vulnerable to cold.
   rN:        It greatly protects you from negative energy.
Armour
 b - a +0 leather armour (melded)
Jewellery
 c - a ring of see invisible (melded)
 l - a ring of positive energy (melded)
Scrolls
 f - a scroll of summoning {unknown}
 g - 3 scrolls of enchant armour {unknown}
 i - a scroll of noise {unknown}
 j - 2 scrolls of blinking {unknown}
 k - 2 scrolls of fog {unknown}
 q - 5 scrolls of identify {unknown}
 s - a scroll of teleportation {unknown}
 u - a scroll of fear {unknown}
 v - a scroll of poison {unknown}
Potions
 e - a potion of haste
 h - a potion of lignification {unknown}
 m - 2 potions of curing
 n - a potion of resistance {unknown}
 p - a potion of might {unknown}


   Skills:
 + Level 3.7 Fighting
 + Level 2.9 Axes
 - Level 1.7 Dodging
 - Level 2.6 Stealth
 - Level 2.0 Spellcasting
 + Level 3.3 Conjurations
 + Level 0.9 Earth Magic


You had 4 spell levels left.
You knew the following spells:

 Your Spells              Type           Power      Damage    Failure   Level
a - Kiss of Death         Conj/Necr      24%        2d7       11%         1
b - Stone Arrow           Conj/Erth      16%        3d8       26%         3

Your spell library contained the following spells:

 Spells                   Type           Power      Damage    Failure   Level
 Sandblast                Erth           8%         2d5       14%         1
 Momentum Strike          Conj/Tloc      12%        3d8       16%         2
 Passwall                 Tmut/Erth      2%         N/A       26%         2
 Blink                    Tloc           2%         N/A       30%         2
 Hailstorm                Conj/Ice       6%         3d4       32%         3
 Confusing Touch          Hex            1%         N/A       52%         3
 Lesser Beckoning         Tloc           2%         N/A       52%         3
 Dispel Undead            Necr           1%         3d6       90%         4


Dungeon Overview and Level Annotations

Branches:
Dungeon (3/15)

Altars:
Makhleb

Annotations:
D:2 1 runed translucent door, Crazy Yiuf
D:3 Ijyb


Innate Abilities, Weirdness & Mutations

You are a filthy swine.
You move quickly.
Your equipment is almost entirely melded.
You are incapable of wielding weapons or throwing items.
You cannot cast spells.
((You are partially covered in sharp spines.))
You regenerate magic rapidly.


Message History

Ijyb is moderately wounded.
Ijyb completely misses you.
You hit Ijyb.
Ijyb is moderately wounded.
Ijyb closely misses you.
You hit Ijyb but do no damage.
Ijyb is moderately wounded.
You barely miss Ijyb.
Ijyb is moderately wounded.
Ijyb screams, "Die!"
Ijyb hits you with a +2 spectral club!
You closely miss Ijyb.
Ijyb is moderately wounded.
Ijyb misses you.
You hit Ijyb but do no damage.
Ijyb is moderately wounded.
Ijyb hits you with a +2 spectral club!
* * * LOW HITPOINT WARNING * * *
You barely miss Ijyb.
Ijyb is moderately wounded.
Ijyb hits you with a +2 spectral club.
* * * LOW HITPOINT WARNING * * *
It was a potion of curing.
You feel better.
Your transformation is almost over.
Ijyb barely misses you.
You feel better. Ijyb closely misses you. Ijyb closely misses you.
Ijyb completely misses you. Ijyb hits you with a +2 spectral club!
Ijyb hits you with a +2 spectral club!
* * * LOW HITPOINT WARNING * * *
You feel better. Ijyb hits you with a +2 spectral club!
* * * LOW HITPOINT WARNING * * *
It was a potion of haste.
You feel yourself speed up. Ijyb hits you with a +2 spectral club.
* * * LOW HITPOINT WARNING * * *
It was a potion of attraction.
You feel attractive to monsters. Ijyb hits you with a +2 spectral club!
You die...

#..........)...##.######.
.....................(....
.##....######.##.##.######.
#...##.....##...##.....##
#..##.###)##.....##.###.#
..##.###รท##....#..##.###.
#.....##..#####..##....
#.######..## ##..#####
......gh.## ##......
########## ####.####
#.......# #.##.##.#
#.##)##.# #....##.#
#.#####.# #.......#
#.#######


You could see Ijyb.

Vanquished Creatures
  Terence (D:3)
  5 adders
  A worm (D:2)
  A dart slug (D:2)
  5 orcs
  6 endoplasms
  2 giant cockroaches
  8 goblins
  7 hobgoblins
  5 jackals
  4 quokkas
  4 ball pythons
  7 bats
  4 frilled lizards
  7 kobolds
  3 rats
70 creatures vanquished.

Notes
Turn   | Place    | Note
-------+----------+-------------------------------------------
     0 | D:1      | Shayle the Demonspawn Reaver began the quest for the Orb.
     0 | D:1      | Reached XP level 1. HP: 16/16 MP: 3/3
   184 | D:1      | Reached skill level 1 in Stealth
   192 | D:1      | Gained mutation: You are partially covered in sharp spines.
                  | [demonic ancestry]
   192 | D:1      | Reached XP level 2. HP: 20/23 MP: 5/5
   377 | D:1      | Found a faded altar of an unknown god.
   623 | D:2      | Reached XP level 3. HP: 24/28 MP: 6/6
   903 | D:2      | Reached XP level 4. HP: 35/35 MP: 7/7
   955 | D:2      | Found a runed translucent door.
   956 | D:2      | Noticed Crazy Yiuf
  1182 | D:2      | Found the +3 woodcutter's axe {vorpal}
  1510 | D:3      | Learned a level 3 spell: Stone Arrow
  1631 | D:3      | Identified the +12 spear of the Hills {protect, rC- rN++
                  | Int+5}
  1727 | D:3      | Found a burning altar of Makhleb.
  1905 | D:3      | Noticed Terence
  1914 | D:3      | Killed Terence
  1915 | D:3      | Gained mutation: You regenerate magic rapidly. [demonic
                  | ancestry]
  1915 | D:3      | Reached XP level 5. HP: 42/42 MP: 8/8
  2134 | D:3      | Noticed Ijyb
  2164 | D:3      | Slain by Ijyb

Illustrated notes

Levels and vault maps discovered:
D:1:      wander_arrival_fairy_ring, layout_loops_ring,
          ebering_ecumenical_altar_mist
D:2:      layout_loops_ring, hangedman_decor_riveting,
          hangedman_decor_slide_cut, minivault_23, minmay_divided_ellipse,
          uniq_crazy_yiuf_cottage
D:3:      layout_loops_cross, bloody_makhleb, minmay_parallelograms,
          minmay_misc_feat_room, uniq_ijyb, uniq_terence

Skill      XL: |  1  2  3 |
---------------+----------+-----
Stealth        | 1 2 |  2.6
Fighting       | 3 |  3.7
Axes           | |  2.9
Dodging        | |  1.7
Spellcasting   | |  2.0
Conjurations   | |  3.3
Earth Magic    | |  0.9

Action                   |  1- 3 |  4- 6 || total
-------------------------+-------+-------++-------
Melee: Hand axe          |    11 |       ||    11
       War axe           |    54 |     6 ||    60
       Punch             |     1 |       ||     1
       Battleaxe         |       |    34 ||    34
       Spear             |       |    16 ||    16
       Unarmed           |       |    18 ||    18
  Use: Potion            |       |     5 ||     5
 Stab: Sleeping          |     6 |     3 ||     9
Armor: Leather armour    |    15 |    11 ||    26
Dodge: Dodged            |    36 |    41 ||    77

Table legend: (Time is in decaauts)
 A = Elapsed time spent in this place.
 B = Non-inter-level travel time spent in this place.
 C = Inter-level travel time spent in this place.
 D = Time resting spent in this place.
 E = Time spent auto-exploring this place.
 F = Levels seen in this place.
 G = Mean time per level.
                   A        B        C        D        E       F      G
               +--------+--------+--------+--------+--------+-----+--------+
         Total |   2182 |   2146 |     36 |     68 |   1462 |   3 |  727.3 |
       Dungeon |   2182 |   2146 |     36 |     68 |   1462 |   3 |  727.3 |
               +--------+--------+--------+--------+--------+-----+--------+

Top non-repeatable levels by time:
     D:2: 880 daAuts
     D:3: 671 daAuts
     D:1: 631 daAuts
